 Dungeon Crawl Stone Soup version 0.31.0-11-ge490571c62 (webtiles) character file.

Game seed: 12899865449632041099

325 qw the Skirmisher (level 6, 0/35 HPs)
             Began as a Deep Elf Hunter on Feb 5, 2024.
             Was an Initiate of Okawaru.
             Succumbed to a scorpion's poison
             ... on level 4 of the Dungeon.
             The game lasted 00:01:16 (3566 turns).

qw the Skirmisher (Deep Elf Hunter)                 Turns: 3566, Time: 00:01:16

Health: 0/35       AC:  6    Str: 10    XL:     6   Next: 24%
Magic:  8/8        EV: 26    Int: 14    God:    Okawaru [......]
Gold:   151        SH:  0    Dex: 18    Spells: 5/5 levels left

rFire   . . .        a - +0 shortbow
rCold   . . .        (shield currently unavailable)
rNeg    + . .        h - +0 ring mail
rPois   .            g - +0 helmet
rElec   .            (no cloak)
rCorr   .            (no gloves)
SInv    .            (no boots)
Will    .....        f - amulet of the acrobat
Stlth   +            e - ring of positive energy
HPRegen 0.25/turn    (no ring)
MPRegen 0.11/turn

%: acrobat
@: lethally poisoned (0 -> -1), about to teleport, acrobatic
A: no striking features
a: Renounce Religion


You were on level 4 of the Dungeon.
You worshipped Okawaru.
Okawaru was noncommittal.
You visited 2 branches of the dungeon, and saw 5 of its levels.

You collected 151 gold pieces.


   Skills:
 - Level 2.1 Fighting
 + Level 9.6 Ranged Weapons
 - Level 2.4 Dodging
 - Level 1.2 Stealth


You had 5 spell levels left.
You didn't know any spells.
Your spell library was empty.

Inventory:

Hand Weapons
 a - a +0 shortbow (weapon)
Armour
 g - a +0 helmet (worn)
 h - a +0 ring mail (worn)
Jewellery
 e - a ring of positive energy (left hand)
 f - an amulet of the acrobat (around neck)
 j - an amulet of faith
Wands
 b - a wand of acid (8)
Scrolls
 d - 2 scrolls of teleportation
Potions
 c - a potion of haste
 i - a potion of brilliance {unknown}
 k - a potion of berserk rage {unknown}

Dungeon Overview and Level Annotations

Branches:
Dungeon (4/15)             Temple (1/1) D:4

Altars:
Ashenzari
Gozag
Hepliaklqana
Makhleb
Okawaru
Qazlal
Sif Muna
Uskayaw
Vehumet
Wu Jian
Xom
Zin
The Shining One

Shops:
D:2 =

Annotations:
D:3 exclusion: 4 iron imps


Message History

You shoot an arrow.
The arrow hits the scorpion but does no damage.
The scorpion is heavily wounded.
You feel very sick.
The scorpion stings you but does no damage.
You shoot an arrow. The arrow barely misses the scorpion.
You feel sick. The scorpion stings you.
You are more poisoned.
The scorpion poisons you! The scorpion closely misses you.
You shoot an arrow. The arrow hits the scorpion.
The scorpion is severely wounded.
You feel very sick. The scorpion barely misses you.
You shoot an arrow.
The arrow hits the scorpion but does no damage.
The scorpion is severely wounded.
You feel very sick. The scorpion barely misses you.
You shoot an arrow.
The arrow hits the scorpion but does no damage.
The scorpion is severely wounded.
You feel sick. The scorpion stings you.
You shoot an arrow. The arrow closely misses the scorpion.
You feel sick. The scorpion barely misses you. The scorpion stings you.
You shoot an arrow. The arrow barely misses the scorpion.
You feel sick.
The scorpion stings you but does no damage.
You shoot an arrow. The arrow hits the scorpion.
The scorpion is severely wounded.
You feel sick. The scorpion stings you.
3564 ||| READING 3 scrolls of teleportation.
As you read the scroll of teleportation, it crumbles to dust.
You feel strangely unstable.
You feel sick. The scorpion stings you.
You shoot an arrow. The arrow hits the scorpion!
You kill the scorpion!
Okawaru accepts your kill.
You feel sick.
There is a lethal amount of poison in your body!
You die...

## ### ... #.. ...
#.####.### #.#......#
##########.#......#
#..........#%.....#
#.#####....@.##
######.##............#
.......)...%......####
....##...........?#
....##............#
....##............#
....##............#
....##......#######
....#########


There were no monsters in sight!

Vanquished Creatures
  A scorpion (D:4)
  A bombardier beetle (D:3)
  A hound (D:4)
  An iguana (D:4)
  A sleepcap (D:4)
  Terence (D:3)
  5 adders
  4 ribbon worms
  A dart slug (D:4)
  2 orcs
  7 endoplasms
  4 giant cockroaches
  5 goblins
  12 hobgoblins
  3 jackals (D:1)
  2 quokkas
  A ball python (D:4)
  8 bats
  3 frilled lizards
  3 kobolds
  4 rats
70 creatures vanquished.

Notes
Turn   | Place    | Note
-------+----------+-------------------------------------------
     0 | D:1      | qw the Deep Elf Hunter began the quest for the Orb.
     0 | D:1      | Reached XP level 1. HP: 12/12 MP: 3/3
     0 | D:1      | 0 ||| qw: Version: 0.3-a-160-g6735b56
     0 | D:1      | 0 ||| qw: Game counter: 6241
     0 | D:1      | 0 ||| qw: Melee chars always use a shield: true
     0 | D:1      | 0 ||| qw: God list: Okawaru
     0 | D:1      | 0 ||| qw: Allow faded altars: false
     0 | D:1      | 0 ||| qw: Do Orc after clearing Dungeon:15 true
     0 | D:1      | 0 ||| qw: Do second Lair branch before Depths: true
     0 | D:1      | 0 ||| qw: Lair rune preference: random
     0 | D:1      | 0 ||| qw: Goals: Normal
     0 | D:1      | 0 ||| PLANNING D:1-11
   389 | D:1      | Reached skill level 6 in Ranged Weapons
   389 | D:1      | Reached XP level 2. HP: 16/16 MP: 4/4
   414 | D:1      | Found a faded altar of an unknown god.
   888 | D:1      | 888 ||| UPGRADING to amulet of the acrobat.
   893 | D:1      | 893 ||| READING 4 scrolls labelled HEULAW KYUMEOQ.
   896 | D:1      | 896 ||| READING scroll labelled ARGHAMN VOHIM.
   997 | D:1      | 997 ||| READING scroll labelled QAGOSE ATZOD.
   998 | D:1      | 998 ||| DROPPING scroll of butterflies.
  1132 | D:2      | Reached XP level 3. HP: 12/20 MP: 5/5
  1273 | D:2      | Reached skill level 7 in Ranged Weapons
  1360 | D:2      | Found Xunonin's Jewellery Boutique.
  1362 | D:2      | 1362 ||| SHOPLISTING +4 ring of protection (360 gold, have
                  | 45).
  1362 | D:2      | 1362 ||| SHOPLISTING +4 ring of slaying (780 gold, have
                  | 45).
  1362 | D:2      | 1362 ||| SHOPLISTING amulet of guardian spirit (300 gold,
                  | have 45).
  1362 | D:2      | 1362 ||| SHOPLISTING ring "Ofiol" {+Blink Fly rPois rC-
                  | rCorr} (343 gold, have 45).
  1362 | D:2      | 1362 ||| SHOPLISTING ring of poison resistance (200 gold,
                  | have 45).
  1397 | D:2      | Identified the +8 dagger "Sehuir" {drain, Fly rF- Dex+8
                  | Stlth+}
  1849 | D:2      | 1849 ||| UPGRADING to +0 scale mail.
  1859 | D:2      | 1859 ||| DROPPING +0 leather armour.
  1860 | D:2      | 1860 ||| UPGRADING to +0 helmet.
  1865 | D:2      | 1865 ||| UPGRADING to +0 ring mail.
  1875 | D:2      | 1875 ||| DROPPING +0 scale mail.
  1876 | D:2      | 1876 ||| READING scroll labelled ZAUWEXT QUNIEN.
  1876 | D:2      | 1876 ||| IDENTIFYING fuming sapphire potion
  1877 | D:2      | 1877 ||| DROPPING potion of attraction.
  1982 | D:3      | Reached XP level 4. HP: 25/25 MP: 6/6
  2011 | D:3      | Noticed Terence
  2016 | D:3      | Killed Terence
  2056 | D:3      | Found a burning altar of Makhleb.
  2511 | D:3      | Reached skill level 8 in Ranged Weapons
  2522 | D:3      | Reached XP level 5. HP: 29/29 MP: 7/7
  2574 | D:3      | Found a hazy altar of Hepliaklqana.
  2853 | D:3      | 2853 ||| UPGRADING to ring of positive energy.
  2854 | D:3      | 2854 ||| READING scroll labelled CUAF SO ILA.
  2855 | D:3      | 2855 ||| DRINKING 2 inky potions.
  2991 | D:4      | Found a shimmering altar of Xom.
  3096 | D:4      | HP: 7/29 [sleepcap (18)]
  3097 | D:4      | 3097 ||| READING 4 scrolls of teleportation.
  3221 | D:4      | Reached skill level 9 in Ranged Weapons
  3394 | D:4      | Found a staircase to the Ecumenical Temple.
  3395 | D:4      | 3395 ||| PLANNING TEMPLE
  3395 | D:4      | 3395 ||| READING scroll labelled MUTID KYIGIERCHENG.
  3402 | Temple   | Entered the Ecumenical Temple
  3403 | Temple   | 3403 ||| PLANNING OKAWARU WORSHIP
  3410 | Temple   | Became a worshipper of Warmaster Okawaru
  3411 | Temple   | 3411 ||| PLANNING D:1-11
  3553 | D:4      | Reached XP level 6. HP: 35/35 MP: 8/8
  3563 | D:4      | HP: 7/35 [scorpion (3)]
  3564 | D:4      | 3564 ||| READING 3 scrolls of teleportation.
  3564 | D:4      | HP: 2/35 [scorpion (4)]
  3566 | D:4      | Succumbed to a scorpion's poison

Levels and vault maps discovered:
D:1:      co_arrival_hall_of_pillars, layout_basic, basic_ecumenical_altar,
          reono_crystal_passage
D:2:      layout_basic, serial_shops, nicolae_shop_gaudy_bauble,
          minmay_misc_feat_nine_boxes
D:3:      layout_basic, nzn_hepliaklqana_mist_gate, demons_altar, st_stairs_10,
          grunt_ministairs_13, nrook_mini_backslash, uniq_terence
D:4:      layout_basic, lemuel_coloured_pillars_altar,
          mainiacjoe_overflow_paths, minmay_temple_entry_ruins, uniq_grinder
Temple:   eino_temple_lava

Skill      XL: |  1  2  3  4  5 |
---------------+----------------+-----
Ranged Weapons | 6 7 8 9 |  9.6
Fighting       | 2 |  2.1
Dodging        | |  2.4
Stealth        | |  1.2

Action                     |  1- 3 |  4- 6 || total
---------------------------+-------+-------++-------
   Fire: Shortbow          |   135 |   157 ||   292
    Use: Scroll            |     4 |     4 ||     8
         Potion            |       |     1 ||     1
 Armour: Leather armour    |    33 |       ||    33
         Ring mail         |       |    55 ||    55
  Dodge: Dodged            |    33 |    33 ||    66

Table legend:
 A = Non-vault XP
 B = Vault XP
 C = Vault XP percentage of total XP
 D = Non-vault monster count
 E = Vault monster count
 F = Vault count percentage of total count
                 A         B        C        D         E       F
            +---------+---------+-------+---------+---------+-------
      Total |     424 |      41 |   8.8 |      65 |       5 |   7.1
            +---------+---------+-------+---------+---------+-------
        D:1 |      31 |       0 |   0.0 |      19 |       0 |   0.0
        D:2 |      49 |       0 |   0.0 |      18 |       0 |   0.0
        D:3 |      82 |      41 |  33.3 |      10 |       5 |  33.3
        D:4 |     262 |       0 |   0.0 |      18 |       0 |   0.0
            +---------+---------+-------+---------+---------+-------
